 Dungeon Crawl Stone Soup version 0.27-a0-1456-gf5a116941d (webtiles) character file.

Game seed: 18061647277251811668

18 tsouns the Sneak (level 2, -6/24 HPs)
             Began as a Demonspawn Delver on July 6, 2021.
             Mangled by Sigmund (9 damage)
             ... on level 2 of the Dungeon.
             The game lasted 00:02:31 (1224 turns).

tsouns the Sneak (Demonspawn Delver)                Turns: 1224, Time: 00:02:31

Health: -6/24      AC: 11    Str: 12    XL:     2   Next: 51%
Magic:  2/2        EV: 10    Int: 11    God:
Gold:   39         SH:  5    Dex: 14    Spells: 1/1 levels left

rFire    . . .     SeeInvis .   a - +0 hand axe
rCold    . . .     Faith    .   (no shield)
rNeg     . . .     Spirit   .   f - +0 ring mail
rPois    .         Reflect  +   (no helmet)
rElec    .         Harm     .   (no cloak)
rCorr    .         Rampage  .   (no gloves)
Will     .....                  (no boots)
Stlth    ++........             k - amulet of reflection
HPRegen  0.08/turn              (no ring)
MPRegen  0.08/turn              (no ring)

@: sanguine armoured, hasted, very quick
A: sanguine armour 1
a: no special abilities


You were on level 2 of the Dungeon.
You visited 1 branch of the dungeon, and saw 4 of its levels.

You collected 39 gold pieces.

Inventory:

Hand Weapons
 a - a +0 hand axe (weapon)
Missiles
 i - 5 poisoned darts (quivered)
Armour
 b - a +0 leather armour
 f - a +0 ring mail (worn)
Jewellery
 k - an amulet of reflection (around neck)
Wands
 g - a wand of digging (3)
Scrolls
 c - 2 scrolls of fog
 d - a scroll of magic mapping
 e - a scroll of fear
 h - a scroll of enchant weapon {unknown}


   Skills:
 + Level 3.4 Fighting
 + Level 2.3 Axes
 - Level 1.7 Dodging
 - Level 4.5 Stealth


You had one spell level left.
You didn't know any spells.
Your spell library was empty.

Dungeon Overview and Level Annotations

Branches:
Dungeon (5/15)
 Temple: D:4-7

Altars:
Nemelex Xobeh
Wu Jian

Annotations:
D:2 Sigmund


Innate Abilities, Weirdness & Mutations

When seriously injured, your bleeding wounds create armour. (AC +6)


Message History

You hit Sigmund.
Sigmund is moderately wounded.
Sigmund points at you and mumbles some strange words.
The magic dart hits you.
You hit Sigmund.
Sigmund is moderately wounded.
You hit Sigmund.
Sigmund is heavily wounded.
Sigmund barely misses you.
You hit Sigmund.
Sigmund is heavily wounded.
Sigmund hits you with a +0 scythe.
Your blood congeals into armour.
You barely miss Sigmund.
Sigmund is heavily wounded.
Sigmund gestures at you while chanting. You resist with significant effort.
You hit Sigmund.
Sigmund is heavily wounded.
Sigmund says, "You will soon forget everything."
Sigmund gestures wildly while chanting.
Sigmund flickers and vanishes!
Deactivating autopickup; reactivate with Ctrl-A.
You miss something.
Your ring mail prevents you from hitting something.
Something hits you but does no damage.
You completely miss something. Something completely misses you.
You barely miss something. Something hits you but does no damage.
You slash something! Something hits you!
You closely miss something. Something hits you.
* * * LOW HITPOINT WARNING * * *
You hear some strange, mumbled words.
You are confused.
You aren't carrying any potions.
You're too confused to move!
You bump into the rock wall.
Something hits you but does no damage.
You bump into the rock wall.
You're too confused to move!
You feel less confused. Something hits you!
You die...

)# #.# #.# #.# #.# #.# ...
### #.# #.# #.# #.###.##
#.# #.# ## #.#.#...## #.#
#.# ....###.#.#.######.#
#.# #.#
##....@......####.# #..
##.#.#.##..........#
.##...#.#..{.............#
.........#.####.########.#
.##..#.#.#.# #.# ###.#
.... #.#.#.# #.# #..># ###
..#.#.####.# #.###
#..##........# #.#
.........###### #.#


There were no monsters in sight!

Vanquished Creatures
  A worm (D:3)
  2 orcs
  A ball python (D:3)
  An endoplasm (D:3)
  A hobgoblin (D:3)
  4 kobolds (D:3)
  2 ball python skeletons (D:3)
  A bat (D:3)
13 creatures vanquished.

Vanquished Creatures (others)
  A withered plant (D:3)
1 creature vanquished.

Grand Total: 14 creatures vanquished

Notes
Turn   | Place    | Note
-------+----------+-------------------------------------------
     0 | D:5      | tsouns the Demonspawn Delver began the quest for the Orb.
     0 | D:5      | Reached XP level 1. HP: 18/18 MP: 1/1
     4 | D:5      | Noticed a gnoll shaman
    10 | D:5      | Noticed an iguana
    43 | D:4      | Found an ornate altar of the Wu Jian Council.
   570 | D:3      | Gained mutation: When seriously injured, your bleeding
                  | wounds create armour. (AC +6) [demonic ancestry]
   570 | D:3      | Reached XP level 2. HP: 23/24 MP: 2/2
   834 | D:3      | Found a sparkling altar of Nemelex Xobeh.
  1193 | D:2      | Noticed Sigmund
  1224 | D:2      | Mangled by Sigmund

Illustrated notes

Levels and vault maps discovered:
D:2:      layout_loops_ring, serial_glass, glass_columns_b, glass_columns_a,
          uniq_sigmund, uniq_crazy_yiuf_cottage
D:3:      layout_loops_corners, nicolae_overflow_hidden_temple, serial_undead,
          serial_undead_a, serial_undead_a, serial_undead_c, serial_undead_a,
          minmay_misc_feat_hallway, minmay_distorted
D:4:      layout_loops_cross, kennysheep_mini_moat,
          nicolae_wu_jian_wuxing_cycle, temple_doors_cd,
          ebering_ghost_inner_flame
D:5:      layout_cave_pools, general_overflow_altar, grunt_ministairs_8,
          st_stairs_9, corexii_corridor_pit, uniq_ijyb

Skill      XL: |  1 |
---------------+----+-----
Axes           | 2 |  2.3
Fighting       | |  3.4
Dodging        | |  1.7
Stealth        | |  4.5

Action                   || total
-------------------------++-------
Melee: Hand axe          ||   101
  Use: Potion            ||     2
 Stab: Sleeping          ||     3
Armor: Leather armour    ||     6
       Ring mail         ||    34
Dodge: Dodged            ||    54

Table legend: (Time is in decaauts)
 A = Elapsed time spent in this place.
 B = Non-inter-level travel time spent in this place.
 C = Inter-level travel time spent in this place.
 D = Time resting spent in this place.
 E = Time spent auto-exploring this place.
 F = Levels seen in this place.
 G = Mean time per level.
                   A        B        C        D        E       F      G
               +--------+--------+--------+--------+--------+-----+--------+
         Total |   1213 |   1213 |      0 |      0 |    935 |   4 |  303.2 |
       Dungeon |   1213 |   1213 |      0 |      0 |    935 |   4 |  303.2 |
               +--------+--------+--------+--------+--------+-----+--------+

Top non-repeatable levels by time:
     D:3: 1087 daAuts
     D:2: 64 daAuts
     D:4: 43 daAuts
     D:5: 19 daAuts
